 Dungeon Crawl Stone Soup version 0.31.0-11-ge490571c62 (webtiles) character file.

Game seed: 9740983209055639038

277 qw the Skirmisher (level 6, -1/35 HPs)
             Began as a Deep Elf Hunter on Feb 4, 2024.
             Incinerated by a bombardier beetle (3 damage)
             ... with a burning spray
             ... on level 4 of the Dungeon.
             The game lasted 00:00:12 (2613 turns).

qw the Skirmisher (Deep Elf Hunter)                 Turns: 2613, Time: 00:00:13

Health: -1/35      AC:  8    Str: 10    XL:     6   Next: 4%
Magic:  8/8        EV: 10    Int: 14    God:
Gold:   122        SH:  0    Dex: 24    Spells: 5/5 levels left

rFire   . . .        a - +0 shortbow
rCold   + + .        (shield currently unavailable)
rNeg    . . .        e - +2 scale mail {rC+}
rPois   .            (no helmet)
rElec   .            (no cloak)
rCorr   .            (no gloves)
SInv    .            (no boots)
Will    .....        b - amulet of faith
Stlth   +            k - +6 ring of dexterity
HPRegen 0.25/turn    l - ring of protection from cold
MPRegen 0.11/turn

%: faith
@: on fire, glowing
A: no striking features
a: no special abilities


You were on level 4 of the Dungeon.
You visited 1 branch of the dungeon, and saw 4 of its levels.

You collected 194 gold pieces.
You spent 72 gold pieces at shops.


   Skills:
 - Level 2.1 Fighting
 - Level 9.1 Ranged Weapons
 + Level 0.0 Armour
 - Level 3.1 Dodging
 - Level 1.2 Stealth


You had 5 spell levels left.
You didn't know any spells.
Your spell library was empty.

Inventory:

Hand Weapons
 a - a +0 shortbow (weapon)
Armour
 e - a +2 scale mail of cold resistance (worn)
Jewellery
 b - an amulet of faith (around neck)
 k - a +6 ring of dexterity (left hand)
 l - a ring of protection from cold (right hand)
Scrolls
 c - a scroll of teleportation
Potions
 d - a potion of curing
 g - a potion of enlightenment
 h - a potion of heal wounds

Dungeon Overview and Level Annotations

Branches:
Dungeon (4/15)
 Temple: D:4-7

Altars:
Fedhas
Makhleb
The Shining One

Shops:
D:2 *?!*[


Message History

You kill the ball python!
You shoot an arrow.
The arrow completely misses the giant cockroach.
You shoot an arrow. The arrow hits the giant cockroach.
The giant cockroach is severely wounded.
You shoot an arrow. The arrow hits the giant cockroach!
You kill the giant cockroach!
You shoot an arrow. The arrow hits the bombardier beetle.
The bombardier beetle is lightly wounded.
You shoot an arrow.
The arrow hits the bombardier beetle but does no damage.
The bombardier beetle is lightly wounded.
You shoot an arrow. The arrow hits the bombardier beetle.
The bombardier beetle is moderately wounded.
The bombardier beetle closely misses you.
You shoot an arrow. The arrow hits the bombardier beetle!
The bombardier beetle is almost dead.
The bombardier beetle sprays incendiary fluid at you.
The burning spray hits you.
You are covered in liquid fire!
You shoot an arrow. The arrow hits the bombardier beetle.
You kill the bombardier beetle!
The liquid fire burns you!
Your Fighting skill increases to level 2!
You have reached level 6!
You are on fire!
The liquid fire burns you!
You are on fire!
The liquid fire burns you!
You are on fire!
The liquid fire burns you!
You are on fire!
The liquid fire burns you!
You are on fire!
The liquid fire burns you!
You are on fire!
The liquid fire burns you!
You are on fire!
The liquid fire burns you!
You die...

...#............#
......###.####.#
###.#.###.#
#.......#
#.#.##### #.#.#
#.#.# #.#.# #@#.#
......%!..#
....#.##### .. #.
#


There were no monsters in sight!

Vanquished Creatures
  A scorpion (D:2)
  A bombardier beetle (D:4)
  An iguana (D:4)
  Terence (D:3)
  6 adders
  A ribbon worm (D:3)
  A dart slug (D:2)
  10 orcs
  6 bats
  8 endoplasms
  4 giant cockroaches
  3 goblins
  7 hobgoblins
  3 jackals (D:1)
  A quokka (D:2)
  5 ball pythons
  A frilled lizard (D:2)
  5 kobolds
  7 rats
72 creatures vanquished.

Notes
Turn   | Place    | Note
-------+----------+-------------------------------------------
     0 | D:1      | qw the Deep Elf Hunter began the quest for the Orb.
     0 | D:1      | Reached XP level 1. HP: 12/12 MP: 3/3
     0 | D:1      | 0 ||| qw: Version: 0.3-a-160-g6735b56
     0 | D:1      | 0 ||| qw: Game counter: 4769
     0 | D:1      | 0 ||| qw: Melee chars always use a shield: true
     0 | D:1      | 0 ||| qw: God list: Okawaru
     0 | D:1      | 0 ||| qw: Allow faded altars: false
     0 | D:1      | 0 ||| qw: Do Orc after clearing Dungeon:15 true
     0 | D:1      | 0 ||| qw: Do second Lair branch before Depths: true
     0 | D:1      | 0 ||| qw: Lair rune preference: random
     0 | D:1      | 0 ||| qw: Goals: Normal
     0 | D:1      | 0 ||| PLANNING D:1-11
    47 | D:1      | Reached XP level 2. HP: 16/16 MP: 4/4
    52 | D:1      | Reached skill level 6 in Ranged Weapons
   523 | D:1      | Reached XP level 3. HP: 20/20 MP: 5/5
   733 | D:1      | 733 ||| READING 2 scrolls labelled BETAOZ JOZIXT.
   733 | D:1      | 733 ||| IDENTIFYING fuming yellow potion
   734 | D:1      | 734 ||| READING scroll of identify.
   734 | D:1      | 734 ||| IDENTIFYING bubbling green potion
   735 | D:1      | 735 ||| READING scroll labelled QEASETUWNU.
   736 | D:1      | 736 ||| READING 3 scrolls labelled HOMPAN MILO.
   737 | D:1      | 737 ||| READING scroll labelled LAQEYLUXYOPO.
   738 | D:1      | 738 ||| READING scroll labelled NUIPAP VASIOMU.
   739 | D:1      | 739 ||| DRINKING 2 inky potions.
   740 | D:1      | 740 ||| DROPPING scroll of butterflies.
   741 | D:1      | 741 ||| DROPPING 2 scrolls of fear.
   742 | D:1      | 742 ||| DROPPING potion of lignification.
   805 | D:2      | Found Yrchuumi's Armour Shop.
   817 | D:2      | 817 ||| BUYING +0 ring mail (44 gold).
   817 | D:2      | Bought a +0 ring mail for 44 gold pieces
   830 | D:2      | Reached skill level 7 in Ranged Weapons
   969 | D:2      | Found Wownurph's Distillery.
   976 | D:2      | 976 ||| SHOPLISTING 2 potions of haste (240 gold, have 30).
   976 | D:2      | 976 ||| SHOPLISTING potion of cancellation (96 gold, have
                  | 30).
   976 | D:2      | 976 ||| SHOPLISTING potion of curing (36 gold, have 30).
   976 | D:2      | 976 ||| SHOPLISTING potion of enlightenment (60 gold, have
                  | 30).
   976 | D:2      | 976 ||| SHOPLISTING potion of haste (120 gold, have 30).
  1042 | D:2      | Found Joiklus's General Store.
  1045 | D:2      | 1045 ||| SHOPLISTING scroll of brand weapon (104 gold, have
                  | 30).
  1045 | D:2      | 1045 ||| SHOPLISTING scroll of teleportation (33 gold, have
                  | 30).
  1068 | D:2      | Found Havorch's Magic Scroll Emporium.
  1071 | D:2      | Noticed a scorpion
  1072 | D:2      | 1072 ||| DRINKING potion of haste.
  1084 | D:2      | Killed a scorpion
  1085 | D:2      | Reached skill level 8 in Ranged Weapons
  1085 | D:2      | Reached XP level 4. HP: 10/25 MP: 6/6
  1088 | D:2      | HP: 6/25 [poisoned by a scorpion]
  1093 | D:2      | HP: 4/25 [poisoned by a scorpion]
  1197 | D:2      | 1197 ||| SHOPLISTING scroll of enchant weapon (105 gold,
                  | have 30).
  1197 | D:2      | 1197 ||| BUYING scroll of identify (28 gold).
  1197 | D:2      | Bought a scroll of identify for 28 gold pieces
  1197 | D:2      | 1197 ||| SHOPLISTING scroll of identify (28 gold, have 2).
  1334 | D:2      | Found a glowing golden altar of the Shining One.
  1386 | D:2      | Found Goykk's Assorted Antiques.
  1390 | D:2      | 1390 ||| SHOPLISTING heavily runed lapis lazuli ring (140
                  | gold, have 18).
  1390 | D:2      | 1390 ||| SHOPLISTING jewelled fluorescent wand (112 gold,
                  | have 18).
  1390 | D:2      | 1390 ||| SHOPLISTING pair of gloves (126 gold, have 18).
  1390 | D:2      | 1390 ||| SHOPLISTING scroll labelled OROTET DIRROA (28
                  | gold, have 18).
  1390 | D:2      | 1390 ||| SHOPLISTING scroll labelled UMUURI RAILAAP (28
                  | gold, have 18).
  1390 | D:2      | 1390 ||| SHOPLISTING scroll of identify (56 gold, have 18).
  1390 | D:2      | 1390 ||| SHOPLISTING thick cabochon amulet (140 gold, have
                  | 18).
  1390 | D:2      | 1390 ||| SHOPLISTING white potion (25 gold, have 18).
  1407 | D:2      | 1407 ||| UPGRADING to +0 ring mail.
  1417 | D:2      | 1417 ||| DROPPING +0 leather armour.
  1418 | D:2      | 1418 ||| UPGRADING to amulet of faith.
  1423 | D:2      | 1423 ||| UPGRADING to +6 ring of dexterity.
  1424 | D:2      | 1424 ||| UPGRADING to ring of protection from cold.
  1425 | D:2      | 1425 ||| READING 2 scrolls of identify.
  1425 | D:2      | 1425 ||| IDENTIFYING lumpy ruby potion
  1426 | D:2      | 1426 ||| READING scroll of identify.
  1426 | D:2      | 1426 ||| IDENTIFYING sedimented inky potion
  1427 | D:2      | 1427 ||| DRINKING 2 emerald potions.
  1428 | D:2      | 1428 ||| DROPPING potion of brilliance.
  1491 | D:3      | Noticed Terence
  1503 | D:3      | Killed Terence
  1504 | D:3      | Reached skill level 3 in Dodging
  1504 | D:3      | Reached XP level 5. HP: 19/29 MP: 7/7
  1970 | D:3      | Found a burning altar of Makhleb.
  2010 | D:3      | Noticed a blizzard demon
  2014 | D:3      | Noticed a smoke demon
  2014 | D:3      | Noticed a neqoxec
  2099 | D:3      | Found a blossoming altar of Fedhas.
  2200 | D:3      | 2200 ||| UPGRADING to +2 scale mail of cold resistance.
  2210 | D:3      | 2210 ||| DROPPING +0 ring mail.
  2211 | D:3      | 2211 ||| READING scroll of identify.
  2211 | D:3      | 2211 ||| IDENTIFYING scroll labelled OROTET DIRROA
  2212 | D:3      | 2212 ||| READING 3 scrolls labelled NATECA XAULEFF.
  2213 | D:3      | 2213 ||| READING scroll labelled XOSAPUH ZUTH.
  2314 | D:3      | 2314 ||| DROPPING 2 scrolls of blinking.
  2454 | D:4      | Reached skill level 9 in Ranged Weapons
  2607 | D:4      | Reached XP level 6. HP: 29/35 MP: 8/8
  2611 | D:4      | HP: 6/35 [burnt (4)]
  2612 | D:4      | HP: 1/35 [burnt (5)]
  2613 | D:4      | Incinerated by a bombardier beetle

Levels and vault maps discovered:
D:1:      lightli_arrival_farm, layout_basic, fountainhead
D:2:      layout_loops_cross, serial_shops, nicolae_shop_tiny_real_fake_doors,
          nicolae_shop_stone, shop, nicolae_shop_scrapyard, shop, basic_altar
D:3:      layout_basic, mainiacjoe_overflow_alcove_2, makhleb_altar_promises_db,
          chequers_arboretum, grunt_decor_cap, chequers_serial_rivers_room_a,
          uniq_terence
D:4:      layout_basic, nicolae_overflow_hidden_temple, hangedman_decor_growths

Skill      XL: |  1  2  3  4  5 |
---------------+----------------+-----
Ranged Weapons | 6 8 9 |  9.1
Dodging        | 3 |  3.1
Fighting       | 2 |  2.1
Stealth        | |  1.2

Action                     |  1- 3 |  4- 6 || total
---------------------------+-------+-------++-------
   Fire: Shortbow          |    93 |   133 ||   226
    Use: Scroll            |     6 |     5 ||    11
         Potion            |     2 |     1 ||     3
 Armour: Leather armour    |    20 |       ||    20
         Ring mail         |       |    36 ||    36
         Scale mail        |       |    23 ||    23
  Dodge: Dodged            |    13 |    54 ||    67

Table legend:
 A = Non-vault XP
 B = Vault XP
 C = Vault XP percentage of total XP
 D = Non-vault monster count
 E = Vault monster count
 F = Vault count percentage of total count
                 A         B        C        D         E       F
            +---------+---------+-------+---------+---------+-------
      Total |     361 |      36 |   9.1 |      71 |       1 |   1.4
            +---------+---------+-------+---------+---------+-------
        D:1 |      41 |       0 |   0.0 |      24 |       0 |   0.0
        D:2 |     136 |       0 |   0.0 |      19 |       0 |   0.0
        D:3 |      64 |      36 |  36.0 |      16 |       1 |   5.9
        D:4 |     120 |       0 |   0.0 |      12 |       0 |   0.0
            +---------+---------+-------+---------+---------+-------
